 Dungeon Crawl Stone Soup version 0.26.1-11-gd32895ea62 (webtiles) character file.

Game seed: 4519453870967389644

2186 infcreate the Covert (level 9, -2/51 HPs)
             Began as a Vampire Necromancer on July 15, 2021.
             Killed from afar by Harold (9 damage)
             ... with a harpoon shot
             ... on level 7 of the Dungeon.
             The game lasted 00:25:11 (7510 turns).

infcreate the Covert (Vampire Necromancer)          Turns: 7510, Time: 00:25:12

Health: -2/51      AC:  5    Str:  7    XL:     9   Next: 11%
Magic:  3/15       EV: 17    Int: 18    God:
Gold:   256        SH:  0    Dex: 20    Spells: 2/16 levels left

rFire    . . .     SeeInvis +   v - +8 rapier (vamp)
rCold    + + .     Faith    .   (no shield)
rNeg     + + +     Spirit   .   a - +0 robe
rPois    ∞         Reflect  .   (no helmet)
rElec    .         Harm     .   (no cloak)
rCorr    .         Rampage  .   n - +2 pair of gloves {Dex+3}
Will     +....                  (no boots)
Stlth    +++++++...             (no amulet)
HPRegen  0.00/turn              Q - ring of stealth
MPRegen  0.14/turn              e - ring of willpower

@: marked, bloodless
A: fangs 3, see invisible, unbreathing
a: Bat Form, Revivify


You were on level 7 of the Dungeon.
You visited 2 branches of the dungeon, and saw 8 of its levels.

You collected 514 gold pieces.
You spent 258 gold pieces at shops.


Innate Abilities, Weirdness & Mutations

You do not regenerate when monsters are visible.
You are frail without blood (-20% HP).
You can heal yourself when you bite living creatures.
You are immune to poison.
You have razor-sharp teeth.
You have supernaturally acute eyesight. (SInv)
You can survive without breathing.


   Skills:
 + Level 3.4 Fighting
 + Level 4.0 Short Blades
 * Level 6.5 Dodging
 * Level 9.3 Stealth
 + Level 2.8 Shields
 + Level 4.1 Spellcasting
 + Level 6.6 Necromancy


You had 2 spell levels left.
You knew the following spells:

 Your Spells              Type           Power        Failure   Level
a - Animate Skeleton      Necr           54%          1%          1
d - Animate Dead          Necr           13%          10%         4
p - Pain                  Necr           100%         1%          1
v - Vampiric Draining     Necr           13%          2%          3
y - Agony                 Necr           27%          26%         5

Your spell library contained the following spells:

 Spells                   Type           Power        Failure   Level
 Freeze                   Ice            12%          14%         1
 Confusing Touch          Hex            3%           41%         3
 Frozen Ramparts          Ice            6%           41%         3
 Gell's Gravitas          Tloc           1%           41%         3
 Ozocubu's Armour         Ice            3%           41%         3
 Hailstorm                Conj/Ice       3%           82%         4
 Petrify                  Tmut/Erth      3%           82%         4
 Summon Ice Beast         Ice/Summ       3%           82%         4
 Metabolic Englaciation   Hex/Ice        1%           99%         5
 Yara's Violent Unravell  Hex/Tmut       1%           99%         5

Inventory:

Hand Weapons
 v - a +8 vampiric rapier (weapon)
Armour
 a - a +0 robe (worn)
 n - a +2 pair of gloves of dexterity (worn)
 u - a cursed +0 buckler
Jewellery
 e - a ring of willpower (right hand)
 Q - a ring of stealth (left hand)
 W - an uncursed ring of magical power
Wands
 s - a wand of random effects (14)
 w - a wand of digging (7)
Scrolls
 c - a scroll of noise {unknown}
 g - a scroll of identify {@r1}
 h - a scroll of enchant armour {unknown}
 l - 4 scrolls of amnesia
 p - 3 scrolls of teleportation {@r4}
 q - a scroll of fear {unknown}
 x - a scroll of magic mapping {unknown}
 y - a scroll of immolation {unknown}
 A - a scroll of fog {unknown}
Potions
 b - 2 potions of might {unknown}
 d - 4 potions of ambrosia {unknown}
 f - 5 potions of haste {@q3}
 i - 2 potions of magic {unknown}
 j - a potion of heal wounds {unknown}
 m - 2 potions of attraction {unknown}
 o - a potion of brilliance {unknown}
 r - 3 potions of flight {unknown}
 t - a potion of resistance
 z - 2 potions of cancellation {unknown}

Dungeon Overview and Level Annotations

Branches:
Dungeon (7/15)             Temple (1/1) D:6

Altars:
Ashenzari
Cheibriados
Dithmenos
Elyvilon
Fedhas
Gozag
Hepliaklqana
Kikubaaqudgha
Makhleb
Nemelex Xobeh
Okawaru
Qazlal
Ru
Sif Muna
Trog
Uskayaw
Vehumet
Wu Jian
Xom
Yredelemnul
Zin
The Shining One

Shops:
D:4 [

Annotations:
D:2 1 runed translucent door, Crazy Yiuf
D:7 Harold

##...........#
########....# #
####.## ####
#..## ...#####
##..## .......#
#....##
......##
##..@..##
......#
#.......#
.[....#
##.....@(##
......#
#.........#
.....##
##.........#
.....#
#....(....(#
.....#
##...)......##
....##
#..........)<#
....#
#............#
....#
##............#
...##
#.............#


You could see Harold.


Message History

Harold is moderately wounded.
You feel life coursing into your body. Harold hits you with a +0 short sword!
Casting: Vampiric Draining (dangerous; 2% risk of failure)
Confirm with . or Enter, or press ? or * to list all spells.
You don't know that spell.
Casting: Vampiric Draining (dangerous; 2% risk of failure)
Confirm with . or Enter, or press ? or * to list all spells.
Aiming: Vampiric Draining (dangerous; 2% risk of failure)
Press: ? - help, Shift-Dir - straight line, f/p - Harold
Aim: Harold, wielding a +0 short sword, wearing a +0 ring mail and quivering 3 throwing nets (moderately wounded) Harold is heavily wounded.
You feel life coursing into your body. Harold casts a spell at you.
You barely resist.
Harold throws a throwing net.
The throwing net closely misses you.
Harold throws a throwing net.
The throwing net hits you.
You become entangled in the net!
You see here a throwing net {=f}.
You struggle against the net.
You tear a large gash into the net.
You rip the net and break free!
Harold hits you with a +0 short sword! Harold casts a spell at you.
A sentinel's mark forms upon you. Harold fires a harpoon shot at you.
The harpoon shot hits you!!
* * * LOW HITPOINT WARNING * * *
You are yanked forward by the harpoon shot.
Harold fires a harpoon shot at you. The harpoon shot hits you!
You die...

Skill      XL: |  1  2  3  4  5  6  7  8 |
---------------+-------------------------+-----
Stealth        | 4 5 6 7 9 |  9.3
Short Blades   | 1 2 3 4 |  4.0
Fighting       | 1 2 3 |  3.4
Dodging        | 3 4 5 6 |  6.5
Necromancy     | 5 6 |  6.6
Shields        | 1 2 |  2.8
Spellcasting   | 3 4 |  4.1

Action                   |  1- 3 |  4- 6 |  7- 9 || total
-------------------------+-------+-------+-------++-------
Melee: Dagger            |    19 |    41 |    15 ||    75
       Bite              |       |     3 |     6 ||     9
       Rapier            |       |       |    89 ||    89
 Cast: Pain              |    29 |    87 |    86 ||   202
       Vampiric Draining |       |     4 |    15 ||    19
 Abil: Exsanguinate      |     1 |       |       ||     1
  Use: Scroll            |     1 |     4 |     6 ||    11
 Stab: Sleeping          |     9 |    15 |    11 ||    35
       Distracted        |       |     1 |       ||     1
Armor: Robe              |     3 |    20 |    26 ||    49
Dodge: Dodged            |    15 |    60 |   149 ||   224

Levels and vault maps discovered:
D:1:      tarquinn_simple_flora_water_e, layout_loops_ring
D:2:      layout_loops_ring, minmay_gold_behind_fungi, uniq_crazy_yiuf_cottage,
          uniq_natasha
D:3:      layout_basic, nicolae_ru_sacrificial_ziggurat
D:4:      layout_loops_ring, serial_shops, nicolae_shop_trees,
          hangedman_glass_teeth, tgw_xom, uniq_eustachio
D:5:      layout_loops_corners, amcnicky_altar_gilded
D:6:      minmay_chambers_of_threes, layout_loops_cross,
          nicolae_overflow_hidden_temple, minmay_temple_entry_arrows,
          kennysheep_generic_room_10
D:7:      layout_cave_pods, uniq_menkaure, uniq_harold, uniq_joseph,
          uniq_duvessa
Temple:   regret_index_temple_sphere_string

Notes
Turn   | Place    | Note
-------+----------+-------------------------------------------
     0 | D:1      | infcreate the Vampire Necromancer began the quest for the
                  | Orb.
     0 | D:1      | Reached XP level 1. HP: 13/13 MP: 3/3
     8 | D:1      | Learned a level 1 spell: Animate Skeleton
   277 | D:1      | Reached XP level 2. HP: 15/15 MP: 0/5
   808 | D:2      | Reached XP level 3. HP: 20/20 MP: 4/6
   818 | D:2      | Learned a level 3 spell: Vampiric Draining
   907 | D:2      | Reached skill level 4 in Stealth
  1125 | D:2      | Noticed Natasha
  1126 | D:2      | Killed Natasha
  1127 | D:2      | Reached skill level 1 in Short Blades
  1127 | D:2      | Reached XP level 4. HP: 24/24 MP: 7/7
  1164 | D:2      | Reached skill level 1 in Fighting
  1175 | D:2      | Noticed Natasha
  1226 | D:2      | Killed Natasha
  1227 | D:2      | Reached skill level 3 in Dodging
  1718 | D:2      | Noticed Natasha
  1725 | D:2      | Killed Natasha
  1726 | D:2      | Reached skill level 5 in Necromancy
  1726 | D:2      | Reached XP level 5. HP: 18/29 MP: 3/8
  2052 | D:2      | Found a runed translucent door.
  2053 | D:2      | Noticed Crazy Yiuf
  2474 | D:3      | Found a sacrificial altar of Ru.
  2720 | D:3      | Reached skill level 5 in Stealth
  3151 | D:4      | Learned a level 4 spell: Animate Dead
  3228 | D:4      | Reached XP level 6. HP: 34/34 MP: 6/9
  3316 | D:4      | Found Lapsenef's Armour Shop.
  3321 | D:4      | Bought a +2 pair of gloves of dexterity for 258 gold pieces
  3561 | D:4      | Reached skill level 4 in Dodging
  3664 | D:4      | Found a shimmering altar of Xom.
  3788 | D:4      | Reached skill level 2 in Short Blades
  3819 | D:4      | Noticed Eustachio
  3849 | D:4      | Killed Eustachio
  3850 | D:4      | Reached skill level 2 in Fighting
  3850 | D:4      | Reached skill level 6 in Stealth
  3850 | D:4      | Reached skill level 1 in Shields
  3850 | D:4      | Reached skill level 3 in Spellcasting
  3850 | D:4      | Reached XP level 7. HP: 40/40 MP: 7/11
  3992 | D:5      | Entered Level 5 of the Dungeon
  4022 | D:5      | Found a sacrificial altar of Ru.
  4278 | D:5      | Reached skill level 7 in Stealth
  4469 | D:5      | Reached skill level 5 in Dodging
  4570 | D:5      | Reached skill level 3 in Short Blades
  4700 | D:5      | Reached skill level 6 in Necromancy
  4765 | D:5      | Reached XP level 8. HP: 45/45 MP: 13/13
  5530 | D:6      | Found a staircase to the Ecumenical Temple.
  5538 | D:6      | Reached skill level 2 in Shields
  5542 | Temple   | Entered the Ecumenical Temple
  5773 | D:6      | Found an ancient bone altar of Kikubaaqudgha.
  5775 | D:6      | Found a glowing silver altar of Zin.
  5835 | D:6      | Found a hide-covered altar of Uskayaw.
  5839 | D:6      | Found a snail-covered altar of Cheibriados.
  5841 | D:6      | Found a white marble altar of Elyvilon.
  5880 | D:6      | Reached skill level 8 in Stealth
  6394 | D:6      | Reached skill level 3 in Fighting
  6428 | D:6      | Reached skill level 6 in Dodging
  6783 | D:7      | Noticed Harold
  6855 | D:7      | Noticed Joseph
  6857 | D:7      | Reached skill level 9 in Stealth
  6857 | D:7      | Reached skill level 4 in Spellcasting
  7247 | D:7      | Killed Joseph
  7248 | D:7      | Reached skill level 4 in Short Blades
  7248 | D:7      | Reached XP level 9. HP: 21/51 MP: 0/15
  7467 | D:7      | Learned a level 5 spell: Agony
  7510 | D:7      | Killed from afar by Harold

Vanquished Creatures
  Joseph (D:7)
  Eustachio (D:4)
  3 water moccasins
  A sky beast (D:5)
  A phantom (D:6)
  3 bullfrogs
  4 killer bees (D:7)
  A scorpion (D:4)
  2 howler monkeys
  A centaur zombie (D:6)
  A bullfrog zombie (D:6)
  4 hounds
  A jelly (D:5)
  An iguana (D:6)
  Natasha (thrice) (D:2)
  5 worker ants
  A hound zombie (D:7)
  A hound skeleton (D:6)
  8 gnolls
  A howler monkey skeleton (D:4)
  8 adders
  A shadow imp (D:6)
  An ufetubus (D:2)
  3 oozes
  An adder skeleton (D:5)
  3 worms
  A dart slug (D:1)
  7 leopard geckos
  2 orcs
  8 giant cockroaches
  5 goblins
  9 hobgoblins
  14 jackals
  4 quokkas
  2 ball pythons
  6 bats
  4 frilled lizards
  5 kobolds
  A leopard gecko skeleton (D:4)
  4 rats
133 creatures vanquished.

Vanquished Creatures (others)
  11 fungi (D:2)
  5 toadstools (D:2)
16 creatures vanquished.

Grand Total: 149 creatures vanquished

Table legend: (Time is in decaauts)
 A = Elapsed time spent in this place.
 B = Non-inter-level travel time spent in this place.
 C = Inter-level travel time spent in this place.
 D = Time resting spent in this place.
 E = Time spent auto-exploring this place.
 F = Levels seen in this place.
 G = Mean time per level.
                   A        B        C        D        E       F      G
               +--------+--------+--------+--------+--------+-----+--------+
         Total |   7519 |   6736 |    783 |   2334 |      0 |   8 |  939.9 |
       Dungeon |   7364 |   6581 |    783 |   2334 |      0 |   7 | 1052.0 |
        Temple |    154 |    154 |      0 |      0 |      0 |   1 |  154.0 |
               +--------+--------+--------+--------+--------+-----+--------+

Top non-repeatable levels by time:
     D:2: 1347 daAuts
     D:4: 1304 daAuts
     D:6: 1284 daAuts
     D:5: 1087 daAuts
     D:3: 988 daAuts
     D:1: 796 daAuts
     D:7: 556 daAuts
  Temple: 154 daAuts

Table legend:
 A = Non-vault XP
 B = Vault XP
 C = Vault XP percentage of total XP
 D = Non-vault monster count
 E = Vault monster count
 F = Vault count percentage of total count
                 A         B        C        D         E       F
            +---------+---------+-------+---------+---------+-------
      Total |    2084 |    1039 |  33.3 |     116 |      17 |  12.8
            +---------+---------+-------+---------+---------+-------
        D:1 |      40 |       0 |   0.0 |      16 |       0 |   0.0
        D:2 |     156 |      35 |  18.3 |      27 |       1 |   3.6
        D:3 |     116 |       0 |   0.0 |      12 |       0 |   0.0
        D:4 |     253 |     238 |  48.5 |      21 |       8 |  27.6
        D:5 |     740 |       0 |   0.0 |      20 |       0 |   0.0
        D:6 |     404 |     316 |  43.9 |       8 |       7 |  46.7
        D:7 |     375 |     450 |  54.5 |      12 |       1 |   7.7
            +---------+---------+-------+---------+---------+-------
